 Dungeon Crawl Stone Soup version 0.32-a0-834-geaf45d8e21 (webtiles) character file.

Game seed: 3887692222495871846

1426094 TheMeInTeam the Slayer (level 26, 343/343 HPs)
             Began as an Oni Monk on Mar 24, 2024.
             Was the Champion of Lugonu.
             Escaped with the Orb
             ... and 3 runes on Mar 25, 2024!
             The game lasted 03:02:53 (91833 turns).

TheMeInTeam the Slayer (Oni Monk)                  Turns: 91833, Time: 03:02:54

Health: 343/343    AC: 43    Str: 30    XL:     26   Next: 40%
Magic:  38/38      EV: 17    Int: 11    God:    Lugonu [******]
Gold:   715        SH:  0    Dex: 16    Spells: 25/25 levels left

rFire   + . .        a - +9 giant spiked club (protect)
rCold   + . .        (shield currently unavailable)
rNeg    + . .        R - +9 gold dragon scales
rPois   +            (helmet restricted)
rElec   +            e - +2 cloak {Will+}
rCorr   .            (gloves unavailable)
SInv    .            (boots unavailable)
Will    +++..        D - amulet of the Turtle {Acrobat +Inv Regen+} Stlth
                     N - +5 ring of evasion
HPRegen 1.57/turn    J - ring "Heerric" {rElec rN+ Dex+5, =R}
MPRegen 0.26/turn

%: acrobat
@: hasted, very quick
A: large, unfitting armour, horns 2, tough skin 1, double potion healing,
drunken brawling, claws 1, iridescent scales 2, high MP 1, robust 1, sturdy
frame 1
0: Orb of Zot
}: 3/15 runes: serpentine, barnacled, slimy
a: Renounce Religion, Evoke Invisibility, Depart the Abyss, Banish, Corrupt,
Enter the Abyss, Brand Weapon With Distortion


You escaped.
You worshipped Lugonu.
Lugonu was exalted by your worship.
You visited 10 branches of the dungeon, and saw 51 of its levels.
You visited the Abyss 1 time.
You also visited: Ice Cave and Wizlab.

You collected 6946 gold pieces.
You spent 6231 gold pieces at shops.

Inventory:

Hand Weapons
 a - a +9 giant spiked club of protection (weapon)
 w - the +5 giant club of Meubi {holy, rF+ Will+ Stlth+}
   (You found it on level 1 of the Realm of Zot)

   rF+:       It protects you from fire.
   Will+:     It increases your willpower.
   Stlth+:    It makes you more stealthy.
Missiles
 g - 3 throwing nets
Armour
 d - an orb of light
 e - a +2 cloak of willpower (worn)
 H - an orb of guile
 R - +9 gold dragon scales (worn)
Jewellery
 k - the ring of Greed {Wiz rF++}
   (You found it on level 3 of the Lair of Beasts)

   [ring of wizardry]

   Wiz:       It improves your spell success rate.
   rF++:      It greatly protects you from fire.
 p - a ring of resist corrosion
 x - a ring of protection from cold
 D - the amulet of the Turtle (around neck) {Acrobat +Inv Regen+}
   (You took it off a deep elf demonologist on level 3 of the Elven Halls)

   [amulet of the acrobat]

   Acrobat:   It increases your evasion while moving and waiting.
   +Inv:      It lets you turn invisible.
   Regen+:    It increases your rate of health regeneration.
 J - the ring "Heerric" (right claw) {rElec rN+ Dex+5, =R}
   (You took it off a fire giant on level 2 of the Depths)

   [ring of positive energy]

   Dex+5:     It affects your dexterity (+5).
   rElec:     It insulates you from electricity.
   rN+:       It protects you from negative energy.
 N - a +5 ring of evasion (left claw)
 Q - a ring of flight
 W - a ring of positive energy
Wands
 q - a wand of charming (28)
 y - a wand of flame (67)
 A - a wand of quicksilver (8)
 B - a wand of polymorph (26)
 L - a wand of digging (1)
 M - a wand of mindburst (9)
 P - a wand of warping (53)
Scrolls
 l - 15 scrolls of teleportation
 r - a scroll of butterflies
 s - 5 scrolls of fog
 t - 6 scrolls of blinking
 v - 2 scrolls of torment
 C - 6 scrolls of vulnerability
 F - 7 scrolls of fear
 G - 12 scrolls of poison
 K - 3 scrolls of revelation
 O - 10 scrolls of amnesia
 T - 32 scrolls of identify
 V - 5 scrolls of immolation
Potions
 c - 4 potions of ambrosia
 f - 11 potions of resistance
 i - 4 potions of cancellation
 m - 12 potions of curing
 n - 6 potions of enlightenment
 o - 5 potions of might
 u - 4 potions of haste
 z - 11 potions of lignification
 E - 6 potions of invisibility
 X - 3 potions of magic
 Y - 5 potions of heal wounds
 Z - a potion of berserk rage
Miscellaneous
 I - a lightning rod (4/4)


   Skills:
 + Level 26.9 Fighting
 - Level 22.0 Maces & Flails
 + Level 24.4 Armour
 + Level 17.6 Dodging
 - Level 2.0 Stealth
 - Level 16.0 Invocations
 - Level 6.0 Evocations


You had 25 spell levels left.
You didn't know any spells.
Your spell library contained the following spells:

 Spells                   Type           Power      Damage    Failure   Level
 Apportation              Tloc           0%         N/A       86%         1
 Foxfire                  Conj/Fire      0%         2x1d4     86%         1
 Freeze                   Ice            0%         1d3       86%         1
 Kiss of Death            Conj/Necr      0%         2d5       86%         1
 Necrotise                Necr           0%         1d4       86%         1
 Sting                    Conj/Alch      0%         1d3       86%         1
 Summon Small Mammal      Summ           0%         N/A       86%         1
 Ensorcelled Hibernation  Hex/Ice        0%         N/A       95%         2
 Jinxbite                 Hex            0%         N/A       95%         2
 Mercury Vapours          Alch/Air       0%         N/A       95%         2
 Call Canine Familiar     Summ           0%         N/A       99%         3
 Confusing Touch          Hex            0%         N/A       99%         3
 Dazzling Flash           Conj/Hex       0%         N/A       99%         3
 Frozen Ramparts          Ice            0%         1d1       99%         3
 Fugue of the Fallen      Necr           0%         N/A       99%         3
 Hailstorm                Conj/Ice       0%         3d5       99%         3
 Inner Flame              Hex/Fire       0%         N/A       99%         3
 Mephitic Cloud           Conj/Alch/Air  0%         N/A       99%         3
 Ozocubu's Armour         Ice            0%         N/A       99%         3
 Sigil of Binding         Hex            0%         N/A       99%         3
 Stone Arrow              Conj/Erth      0%         3d7       99%         3
 Summon Ice Beast         Ice/Summ       0%         N/A       99%         3
 Tukima's Dance           Hex            0%         N/A       99%         3
 Volatile Blastmotes      Fire/Tloc      0%         2d10      99%         3
 Airstrike                Air            0%         2d(0-16)  100%        4
 Anguish                  Hex/Necr       0%         N/A       100%        4
 Animate Armour           Summ/Erth      0%         N/A       100%        4
 Brom's Barrelling Bould  Conj/Erth      0%         2d3       100%        4
 Cause Fear               Hex            0%         N/A       100%        4
 Dimensional Bullseye     Hex/Tloc       0%         N/A       100%        4
 Dispel Undead            Necr           0%         3d6       100%        4
 Flame Wave               Conj/Fire      0%         2d4       100%        4
 Fulminant Prism          Conj/Alch      0%         3d5       100%        4
 Iskenderun's Mystic Bla  Conj/Tloc      0%         2d3       100%        4
 Leda's Liquefaction      Alch/Erth      0%         N/A       100%        4
 Manifold Assault         Tloc           0%         N/A       100%        4
 Olgreb's Toxic Radiance  Alch           0%         N/A       100%        4
 Passage of Golubria      Tloc           0%         N/A       100%        4
 Sticky Flame             Fire/Alch      0%         2d4       100%        4
 Summon Blazeheart Golem  Fire/Summ      0%         N/A       100%        4
 Vhi's Electric Charge    Tloc/Air       0%         N/A       100%        4
 Alistair's Intoxication  Alch           0%         N/A       100%        5
 Arcjolt                  Conj/Air       0%         1d10      100%        5
 Borgnjor's Vile Clutch   Necr/Erth      0%         N/A       100%        5
 Curse of Agony           Necr           0%         N/A       100%        5
 Fireball                 Conj/Fire      0%         3d3       100%        5
 Freezing Cloud           Conj/Ice/Air   0%         6-21      100%        5
 Irradiate                Conj/Alch      0%         3d11      100%        5
 Lee's Rapid Deconstruct  Erth           0%         3d4*      100%        5
 Metabolic Englaciation   Hex/Ice        0%         N/A       100%        5
 Silence                  Hex/Air        0%         N/A       100%        5
 Summon Forest            Summ/Tloc      0%         N/A       100%        5
 Summon Mana Viper        Hex/Summ       0%         N/A       100%        5
 Yara's Violent Unravell  Hex/Alch       0%         3d3       100%        5
 Death Channel            Necr           0%         N/A       100%        6
 Eringya's Noxious Bog    Alch           0%         4d6       100%        6
 Permafrost Eruption      Ice/Erth       0%         2x4d2     100%        6
 Plasma Beam              Fire/Air       0%         2x1d10    100%        6
 Sculpt Simulacrum        Ice/Alch       0%         N/A       100%        6
 Starburst                Conj/Fire      0%         6d3       100%        6
 Enfeeble                 Hex            0%         N/A       100%        7
 Monstrous Menagerie      Summ           0%         N/A       100%        7
 Ozocubu's Refrigeration  Ice            0%         4d7       100%        7
 Summon Hydra             Summ           0%         N/A       100%        7
 Discord                  Hex            0%         N/A       100%        8
 Lehudib's Crystal Spear  Conj/Erth      0%         10d2      100%        8
 Dragon's Call            Summ           0%         N/A       100%        9
 Polar Vortex             Ice            0%         N/A       100%        9


Dungeon Overview and Level Annotations

Branches:
Dungeon (15/15)            Temple (0/1) D:5            Lair (5/5) D:10
 Shoals (4/4) Lair:3        Snake (4/4) Lair:3        Slime (5/5) Lair:5
    Orc (2/2) D:11            Elf (3/3) Orc:2        Vaults (4/5) D:14
  Crypt (0/3) Vaults:3     Depths (4/4) D:15            Zot (5/5) Depths:4
  IceCv (visited)          WizLab (visited)

Altars:
Cheibriados
Dithmenos
Elyvilon
Fedhas
Hepliaklqana
Kikubaaqudgha
Makhleb
Nemelex Xobeh
Okawaru
Qazlal
Ru
Sif Muna
Trog
Xom
Yredelemnul
Zin
Lugonu

Shops:
D:2 !   D:5 *   D:11 =   Orc:1 *   Orc:2 (:[*   Elf:1 ==:   Elf:2 !
Shoals:1 :   Shoals:2 !   Shoals:4 *   Snake:1 [   Snake:3 *   Depths:1 ?(!*

Portals:
Hell: Depths:1 Depths:2 Depths:3 Depths:4
Abyss: Depths:3 Depths:4
Pandemonium: Depths:2
Ziggurat: Depths:2

Annotations:
D:9 1 runed translucent door, exclusion: door, sirdedalot's ghost, journeyman CoFi
D:14 2 transporters, Ucadoall's ghost, journeyman BaHu
D:15 Roxanne
Lair:3 3 runed translucent doors, corrupted
Snake:4 corrupted
Slime:1 corrupted
Slime:5 corrupted
Orc:1 corrupted
Vaults:2 corrupted
Vaults:3 corrupted
Depths:1 3 runed translucent doors, exclusion: 3 doors, Zuofef's ghost, veteran GrEE
Zot:1 3 runed translucent doors, corrupted
Zot:5 2 transporters, Pessaschasee's ghost, legendary HOFi
Abyss:1 Agnes; Azrael; Jorgrun; Josephine; Vashnia


Innate Abilities, Weirdness & Mutations

You are too large for most types of armour.
You have a pair of horns on your head.
You have tough skin. (AC +1)
You gain doubled healing and magic from potions.
Whenever you drink a healing potion, you attack all around you.
You have sharp fingernails.
You are mostly covered in iridescent scales. (AC +4)
You have an increased reservoir of magic. (+10% MP)
You are robust. (+10% HP)
Your movements are slightly less encumbered by armour. (ER -2)


Message History

No target in view!
There is a stone staircase leading up here.
You climb upwards.
Level annotation: 3 runed translucent doors, corrupted
There is a stone staircase leading down here.
You see here a golden dragon skeleton.
There is a gate leading back out of this place, spattered with blood here.
You go up through the gate.
Welcome back to the Depths!
There is a gate to the Realm of Zot here.
There is a stone staircase leading up here.
You climb upwards.
There is a stone staircase leading down here.
A Tzitzimitl comes into view.
Things that are here:
a +6 ring of intelligence; a +0 chain mail The Tzitzimitl calls on the powers of darkness!
Your body is wracked with pain!
You see here a +0 orcbow.
There is a stone staircase leading up here.
You climb upwards.
There is a stone staircase leading down here.
There is a stone staircase leading down here.
There is a stone staircase leading up here.
You climb upwards.
Level annotation: 3 runed translucent doors, exclusion: 3 doors, Zuofef's ghost, veteran GrEE
There is a stone staircase leading down here.
Things that are here:
+0 ice dragon scales; an ice dragon skeleton
Things that are here:
a +0 leather armour; a +0 great sword
There is an open door here.
There is an open door here.
HP restored.
There is a staircase back to the Dungeon here.
You climb upwards.
Welcome back to the Dungeon!
Level annotation: Roxanne
There is a staircase to the Depths here.
There is an open door, spattered with blood here.
Things that are here:
a +0 robe; a +0 dagger; a human skeleton
There is an open door, spattered with blood here.
Items here: )) [ ÷.
An orange demon comes into view.
You see here a +0 kite shield.
You hit the orange demon.
Your weapon exudes an aura of protection.
The orange demon is lightly wounded.
You crush the orange demon like a grape!!!!
You kill the orange demon!
Lugonu accepts your kill.
No target in view!
There is a stone staircase leading up here.
You climb upwards.
Level annotation: 2 transporters, Ucadoall's ghost, journeyman BaHu
There is a stone staircase leading down here.
There is an escape hatch in the floor here.
There is a stone staircase leading up here.
You climb upwards.
There is a stone staircase leading down here.
There is a stone staircase leading up here.
You climb upwards.
There is a stone staircase leading down here.
There is a stone staircase leading up here.
You climb upwards.
There is a stone staircase leading down here.
There is a stone staircase leading up here.
You climb upwards.
There is a stone staircase leading down here.
Things that are here:
a +0 robe; a +0 halberd
There is a stone staircase leading up, spattered with blood here.
You climb upwards.
Level annotation: 1 runed translucent door, exclusion: door, sirdedalot's ghost, journeyman CoFi
There is a stone staircase leading down, spattered with blood here.
You see here a potion of brilliance.
A shadow demon and a demonspawn black sun come into view.
The shadow demon croaks.
The demonspawn black sun moves out of view.
You see here a +0 dagger.
Items here: )) ÷÷.
A hellephant comes into view.
Items here: ( )) [.
Items here: )) [[.
Items here: )) [[.
There is a stone staircase leading up here.
You climb upwards.
There is a stone staircase leading down here.
There is an escape hatch in the ceiling here.
A mysterious force pulls you upwards. The hatch slams shut behind you.
There is a stone staircase leading up here.
You climb upwards.
There is a stone staircase leading down here.
A shadow demon and 2 demonspawn corrupters come into view.
A demonspawn corrupter is wielding a +2 vampiric demon trident.
The shadow demon gives a loud, deep croak!
The demonspawn corrupter shouts!
The demonspawn corrupter moves out of view.
You pound the shadow demon like an anvil!!!
Your weapon exudes an aura of protection.
You headbutt the shadow demon!
The shadow demon is almost dead.
The shadow demon closely misses you.
You beat the shadow demon like a drum!!!!
You kill the shadow demon!
Lugonu accepts your kill.
The demonspawn corrupter blocks your attack.
The demonspawn corrupter calls forth creatures from the Vaults!
You impale the demonspawn corrupter!!
Your headbutt misses the demonspawn corrupter.
The demonspawn corrupter is moderately wounded.
You hit the demonspawn corrupter.
The demonspawn corrupter blocks your attack.
The demonspawn corrupter is moderately wounded.
The demonspawn corrupter misses you. The demonspawn corrupter kicks you!
A neqoxec comes into view.
You pound the demonspawn corrupter like an anvil!!!!
You kill the demonspawn corrupter!
Lugonu accepts your kill.
You pound the demonspawn corrupter like an anvil!!!
Your headbutt misses the demonspawn corrupter.
The demonspawn corrupter is heavily wounded.
The wight barely misses you.
You puncture the demonspawn corrupter! You headbutt the demonspawn corrupter.
The demonspawn corrupter is severely wounded.
The demonspawn corrupter hits you but does no damage.
The demonspawn corrupter kicks you but does no damage.
The neqoxec gestures at you. Something gnaws on your mind!
You feel your power leaking away.
You stick the demonspawn corrupter like a pincushion!!!
You kill the demonspawn corrupter!
Lugonu accepts your kill. The wight misses you.
Items here: )) [[[ ††.
The wight attacks as it pursues you! The wight misses you.
The wight attacks as it pursues you! The wight hits you but does no damage.
A reaper comes into view. It is wielding a +1 heavy scythe.
The wight attacks as it pursues you! The wight misses you.
The wight attacks as it pursues you! The wight completely misses you.
The wight attacks as it pursues you! The wight barely misses you.
The wight attacks as it pursues you! The wight completely misses you.
Things that are here:
a +0 robe; a +0 falchion
There is a stone staircase leading up, spattered with blood here.
You climb upwards.
There is a stone staircase leading down, spattered with blood here.
Magic restored.
A ynoxinul comes into view.
The ynoxinul gestures.
The ufetubus shouts!
The ynoxinul gestures.
The ufetubus completely misses you. x2
The ufetubus completely misses you. x2
The ynoxinul gestures.
The ufetubus completely misses you. x2
The ufetubus misses you. The ufetubus completely misses you.
The ynoxinul gestures.
The ufetubus disappears in a puff of smoke! x2
The ufetubus attacks as it pursues you! The ufetubus completely misses you.
The ufetubus barely misses you. The ufetubus attacks as it pursues you!
The ufetubus completely misses you. x2
The ufetubus completely misses you. x2
There is a stone staircase leading up here.
The ufetubus hits you but does no damage. x2
The ufetubus barely misses you.
The ufetubus hits you but does no damage.
You climb upwards.
There is a stone staircase leading down here.
There is a stone staircase leading up here.
You climb upwards.
There is a stone staircase leading down here.
Things that are here:
a +0 dagger; a goblin skeleton
There is a stone staircase leading up here.
You climb upwards.
There is a stone staircase leading down here.
You see here 8 stones.
There is an open door here.
Things that are here:
a +0 dagger; a goblin skeleton
There is a stone staircase leading up here.
You climb upwards.
There is a stone staircase leading down here.
A Brimstone Fiend comes into view.
The Brimstone Fiend roars!
Okay, then.
You feel yourself speed up.
Aiming: Dig
Press: ? - help, Shift-Dir - straight line A rock wall.
This square is covered in magical glow.
The rock shatters into small pieces.
Aiming: Dig
Press: ? - help, Shift-Dir - straight line You can't see that place.
The rock shatters into small pieces.
You open the door.
There is an open door here.
There is a staircase leading out of the dungeon here.
You have escaped!

#...........##.#..# #.#.#
#...##...##.##.#..# ####.#.#
#.##.######.##.#).### #......#
#.###..####.##.#....###.#.####
#...###........##.#.##....#
#[..#########♣♣♣♣.........#
#...'§......##§...........#
#§§§#§§§.....###.....[....#
#§§§+§§§......@##§#.###.###
##§§#§§§.....###§.#.# #.#
#§§§.§§§...##§§..#.###.#######
#..#########♣♣♣♣..............
#..# #.# ##........####♣ #.##
#.# ##.###.#.# #.# #.# ###
#.#.# ♣♣♣ #.# #.# #.#.#♣♣P♣
#.# #.# #.#...~~~


There were no monsters in sight!

Vanquished Creatures
  the Royal Jelly (Slime:5)
  4 dread liches
  Frederick (Vaults:3)
  4 orbs of fire (Zot:5)
  An ancient lich (Zot:5)
  4 Killer Klowns (Zot:5)
  3 caustic shrikes (Depths:3)
  A curse toe (Zot:5)
  Nikola (Snake:1)
  3 bone dragons
  6 golden dragons
  Norris (Vaults:1)
  6 electric golems
  The ghost of Gumuy the Crack Shot, an adept MiHu of Nemelex Xobeh (Depths:4)
  A Hell Sentinel (Zot:5)
  2 liches
  17 tentacled monstrosities
  2 deep elf blademasters (Elf:3)
  2 deep elf master archers (Elf:3)
  5 sphinxes
  4 quicksilver dragons
  26 Orb Guardians
  2 krakens (Shoals:1)
  13 acid blobs
  10 death cobs
  2 tentacled starspawn (WizLab)
  10 storm dragons
  5 tengu reavers
  Aizul (Snake:3)
  7 shadow dragons
  12 azure jellies
  14 rockslimes
  6 draconian monks
  4 fire giants
  10 nagarajas (Snake:4)
  8 draconian knights
  Donald (Snake:4)
  7 frost giants
  11 draconian shifters
  6 protean progenitors
  7 vault wardens
  4 ghost moths
  3 iron dragons
  A deep elf elementalist (Elf:3)
  7 draconian scorchers
  A juggernaut zombie (Depths:3)
  5 deep elf sorcerers (Elf:3)
  An orc warlord (Vaults:1)
  4 ironbound thunderhulks
  5 draconian stormcallers
  2 broodmothers (Zot:5)
  7 draconian annihilators
  2 demonspawn corrupters (D:6)
  2 ironbound preservers
  A spriggan defender (Depths:2)
  11 quicksilver oozes
  12 green draconians
  10 stone giants
  7 very ugly things
  3 deep elf death magi (Elf:3)
  8 formless jellyfish
  8 deep elf demonologists
  A lorocyproca (Depths:2)
  A war gargoyle (Vaults:1)
  4 deep elf annihilators (Elf:3)
  11 purple draconians
  10 yellow draconians
  4 spark wasps
  9 red draconians
  10 black draconians
  4 dire elephants (Vaults:1)
  8 white draconians
  3 merfolk impalers
  A crystal guardian (Vaults:1)
  2 jiangshi (Depths:2)
  9 ettins
  8 merfolk javelineers
  8 yaktaur captains
  2 entropy weavers (WizLab)
  5 fire dragons
  2 salamander tyrants (Snake:4)
  7 great orbs of eyes
  A hydra (Lair:5)
  A spectral tengu (Depths:1)
  A deep elf high priest (Elf:3)
  A hell beast (Depths:4)
  An alligator (shapeshifter) (Depths:3)
  4 rakshasas
  4 catoblepae
  12 centaur warriors
  3 spriggan air magi
  4 death knights
  6 ice dragons
  8 anacondas
  2 peacekeepers
  10 vault guards
  2 ghost crabs (D:11)
  2 satyrs (Shoals:2)
  2 two-headed ogres
  8 boulder beetles
  2 merfolk avatars
  3 merfolk aquamancers
  An alligator snapping turtle (Shoals:1)
  11 ironbound frosthearts
  27 dancing weapons
  5 deep troll earth magi
  4 death yaks (Lair:5)
  3 hell hogs (Zot:5)
  11 naga warriors
  7 tengu warriors
  Sonja (Orc:2)
  2 vampire magi (Depths:3)
  An occultist (D:15)
  3 orc high priests
  4 soul eaters (Zot:2)
  6 deep troll shamans
  14 naga sharpshooters
  A hell knight (Depths:4)
  6 shock serpents
  16 deep elf knights
  A spriggan (Lair:1)
  15 skysharks
  A sun demon (Depths:2)
  4 fire crabs (D:11)
  4 salamander mystics
  A golden dragon zombie (Depths:3)
  7 iron trolls
  12 sea snakes
  A skyshark (shapeshifter) (Vaults:2)
  A spriggan druid (Depths:3)
  A storm dragon skeleton (Depths:3)
  A skeletal warrior (D:15)
  A sixfirhy (WizLab)
  A shadow demon (D:6)
  12 deep trolls
  3 glowing orange brains
  5 mana vipers
  2 flayed ghosts (Depths:4)
  2 spriggan simulacra (Elf:2)
  9 deep elf archers
  3 arcanists
  5 naga ritualists
  A tengu zombie (Depths:3)
  2 harpies (shapeshifter) (Depths:2)
  2 thermic dynamos (Elf:3)
  6 lindwurms
  24 deep elf pyromancers
  11 ironbound convokers
  4 necromancers
  8 orc sorcerers
  29 ugly things
  29 deep elf zephyrmancers
  8 orc knights
  32 harpies
  10 shining eyes
  21 manticores
  17 fauns
  A meliai (D:13)
  A draconian skeleton (Zot:2)
  14 salamanders
  A worldbinder (WizLab)
  12 elephants
  6 merfolk sirens
  4 cyclopes
  A meliai (shapeshifter) (Depths:2)
  20 moths of wrath
  A kobold blastminer (Orc:2)
  A centaur zombie (D:15)
  31 black mambas
  2 eyes of devastation (shapeshifter) (Vaults:2)
  7 water nymphs
  8 guardian serpents
  2 centaur skeletons (D:15)
  2 apocalypse crabs (D:11)
  14 vault sentinels
  An orange demon (D:15)
  An eye of devastation (Slime:5)
  15 naga magi
  An unseen horror (shapeshifter) (Depths:2)
  8 cane toads
  An unseen horror (WizLab)
  Jeremiah (D:8)
  24 yaktaurs
  A rime drake (shapeshifter) (Vaults:2)
  2 rime drakes (Lair:1)
  A tormentor (Depths:2)
  2 komodo dragons
  4 freezing wraiths
  An ice devil (Zot:3)
  A human skeleton (Vaults:4)
  4 tengu conjurers
  A queen bee (shapeshifter) (D:11)
  A troll (shapeshifter) (Elf:2)
  A moth of wrath zombie (Zot:2)
  6 polar bears
  A hornet (Lair:1)
  A tengu simulacrum (Depths:3)
  A tyrant leech (shapeshifter) (WizLab)
  4 alligator simulacra
  31 merfolk
  10 glass eyes
  6 dream sheep
  2 wind drakes
  6 trolls
  8 blink frogs
  A frost giant simulacrum (Vaults:4)
  7 snapping turtles
  3 shadows
  2 centaur simulacra (D:15)
  A ynoxinul (Depths:2)
  A small abomination (Zot:2)
  A dire elephant simulacrum (IceCv)
  A jumping spider (WizLab)
  An ettin skeleton (Vaults:4)
  49 yaks
  95 slime creatures
  17 water elementals
  10 wraiths
  A vampire (D:12)
  Eustachio (D:4)
  2 air elementals
  2 wyverns
  An elf zombie (Vaults:4)
  2 basilisks
  A wyvern (shapeshifter) (D:11)
  2 golden eyes
  4 fire elementals
  2 wargs (Orc:2)
  A steam dragon (D:9)
  4 vampire mosquitoes (D:15)
  A yaktaur simulacrum (Vaults:4)
  Menkaure (D:4)
  3 minotaur simulacra (Elf:2)
  Edmund (D:5)
  37 nagas
  A human zombie (Vaults:4)
  A hydra simulacrum (IceCv)
  The ghost of pokeman the Magician, an amateur DEHW (D:5)
  3 hell hounds
  13 water moccasins
  An acid dragon (D:9)
  A meliai simulacrum (D:15)
  An ice beast (shapeshifter) (D:15)
  22 orc warriors
  2 laughing skulls (D:15)
  An ice beast (D:7)
  A sky beast (shapeshifter) (D:13)
  A sky beast (D:8)
  A deep troll simulacrum (Vaults:4)
  An ettin simulacrum (IceCv)
  2 black bears (D:6)
  A wolf (shapeshifter) (Depths:2)
  5 boggarts (D:13)
  7 ogres
  23 wolves
  7 centaurs
  4 earth elementals
  9 bullfrogs
  2 kobold brigands
  4 scorpions
  An ogre simulacrum (Vaults:4)
  13 wights
  4 lindwurm simulacra
  4 howler monkeys
  3 electric eels
  5 hounds
  Crazy Yiuf (D:2)
  3 bombardier beetles
  A human simulacrum (Vaults:4)
  A gnoll bouda (D:9)
  19 orc priests
  14 jellies
  6 iguanas
  18 orc wizards
  A gnoll (shapeshifter) (D:13)
  4 gnolls (D:9)
  4 adders
  A shadow imp (D:7)
  2 white imps
  A howler monkey simulacrum (D:11)
  50 orcs
  10 endoplasms
  4 giant cockroaches
  6 goblins
  8 hobgoblins
  3 jackals (D:2)
  5 quokkas
  7 ball pythons
  5 bats
  6 frilled lizards
  14 kobolds
  6 rats
  3 starspawn tentacles (WizLab)
  9 tentacles (Shoals:1)
1828 creatures vanquished.

Vanquished Creatures (collateral kills)
  A fire crab (D:11)
  A meliai (D:13)
  A hell hound (D:14)
3 creatures vanquished.

Vanquished Creatures (others)
  The ghost of Kinwaexu the Slayer, a veteran OnBe of Trog (Zot:1)
  2 acid blobs (Slime:5)
  Asterion (Vaults:2)
  7 rockslimes
  A frost giant (Depths:3)
  5 azure jellies
  A nagaraja (Snake:4)
  A ghost moth (Zot:1)
  A formless jellyfish (Slime:1)
  9 quicksilver oozes (Slime:5)
  A war gargoyle (Vaults:3)
  The ghost of Chadd the Thrower, a journeyman CoBe of Trog (Lair:3)
  The ghost of smashvw the Fighter, a journeyman MiMo of Qazlal (Lair:3)
  A yellow draconian (Zot:1)
  The ghost of grrhawk the Spear-Bearer, a journeyman DjHW of Hepliaklqana (Lair:3)
  A spectral golden dragon (Zot:1)
  A great orb of eyes (Slime:5)
  A crystal guardian (Vaults:3)
  A salamander tyrant (Snake:4)
  Erolcha (Orc:1)
  A naga sharpshooter (Snake:4)
  2 naga warriors (Snake:4)
  A spectral white draconian (Zot:1)
  An ironbound convoker (Vaults:3)
  2 shining eyes (Slime:1)
  A meliai (D:13)
  2 guardian serpents (Snake:4)
  A naga mage (Snake:4)
  A black mamba (Snake:4)
  2 storm dragon simulacra (Zot:1)
  A golden dragon simulacrum (Zot:1)
  3 spectral moths of wrath (Zot:1)
  A water elemental (Elf:2)
  4 slime creatures
  2 golden eyes (Slime:1)
  A purple draconian simulacrum (Zot:1)
  2 red draconian simulacra (Zot:1)
  4 moth of wrath simulacra (Zot:1)
  4 orc warriors (Orc:1)
  2 orc priests (Orc:1)
  3 orc wizards (Orc:1)
  4 orcs (Orc:1)
  A spectral weapon (Vaults:2)
  18 starspawn tentacles
  44 tentacles (Shoals:1)
147 creatures vanquished.

Grand Total: 1978 creatures vanquished

Notes
Turn   | Place    | Note
-------+----------+-------------------------------------------
     0 | D:1      | TheMeInTeam the Oni Monk began the quest for the Orb.
     0 | D:1      | Reached XP level 1. HP: 24/24 MP: 1/1
    89 | D:1      | Reached XP level 2. HP: 33/33 MP: 2/2
   350 | D:1      | Reached XP level 3. HP: 34/40 MP: 3/3
   744 | D:1      | Reached skill level 5 in Fighting
   841 | D:2      | Found a faded altar of an unknown god.
   926 | D:2      | Prayed at the altar of an unknown god.
   926 | D:2      | Became a worshipper of Lugonu the Unformed
   926 | D:2      | Reached * piety under Lugonu
   926 | D:2      | Reached ** piety under Lugonu
  1156 | D:2      | Reached *** piety under Lugonu
  1231 | D:2      | Reached XP level 4. HP: 50/50 MP: 4/4
  1271 | D:2      | Found Hatziwn's Distillery.
  1277 | D:2      | Bought a potion of heal wounds for 55 gold pieces
  1534 | D:2      | Found a runed translucent door.
  1535 | D:2      | Noticed Crazy Yiuf
  1755 | D:3      | Reached skill level 1 in Invocations
  2168 | D:3      | You fall into a shaft and drop 1 floor!
  2210 | D:4      | Noticed Menkaure
  2741 | D:4      | Reached XP level 5. HP: 58/58 MP: 6/6
  3242 | D:4      | Reached skill level 6 in Fighting
  3330 | D:4      | Reached skill level 1 in Stealth
  3330 | D:4      | Reached XP level 6. HP: 61/67 MP: 7/7
  3843 | D:5      | Entered Level 5 of the Dungeon
  3843 | D:5      | Noticed Edmund
  3843 | D:5      | Noticed a water moccasin
  3922 | D:4      | Reached skill level 5 in Maces & Flails
  3996 | D:5      | Found a large runed translucent door.
  3999 | D:5      | Found a large runed translucent door.
  3999 | D:5      | Noticed pokeman's ghost (amateur DEHW)
  4060 | D:5      | Killed a water moccasin
  4061 | D:5      | Reached skill level 7 in Fighting
  4061 | D:5      | Reached XP level 7. HP: 68/78 MP: 7/9
  4069 | D:5      | Killed Edmund
  4522 | D:5      | Found a staircase to the Ecumenical Temple.
  4570 | D:5      | Reached skill level 8 in Fighting
  4570 | D:5      | Reached XP level 8. HP: 78/88 MP: 10/10
  4618 | D:5      | Found Qikhleits's Assorted Antiques.
  4637 | D:5      | Bought a scroll labelled FILLIM ONOMEITUPT for 29 gold
                  | pieces
  4637 | D:5      | Bought a scroll labelled NEWEIKE ZARASO for 29 gold pieces
  4637 | D:5      | Bought a scroll of identify for 58 gold pieces
  4652 | D:5      | Noticed a wyvern
  4654 | D:5      | Banished a wyvern
  4872 | D:5      | Found a basalt altar of Yredelemnul.
  4909 | D:5      | Found a transporter.
  4916 | D:5      | Noticed Eustachio
  4957 | D:4      | Killed Eustachio
  4958 | D:4      | Reached skill level 9 in Fighting
  5054 | D:5      | Found a transporter.
  5089 | D:5      | Found a burning altar of Makhleb.
  5092 | D:5      | Found a glowing silver altar of Zin.
  5396 | D:5      | Identified the +0 robe of Vanity {+Blink rC+ rN+ Will-}
  5744 | D:4      | Killed Menkaure
  5809 | D:6      | Reached skill level 5 in Invocations
  5951 | D:6      | Reached XP level 9. HP: 99/101 MP: 12/12
  5998 | D:6      | Reached skill level 10 in Fighting
  7690 | D:2      | Killed Crazy Yiuf
  8128 | D:8      | Found a blossoming altar of Fedhas.
  8128 | D:8      | Found a stormy altar of Qazlal.
  8236 | D:8      | Reached skill level 10 in Maces & Flails
  8236 | D:8      | Reached XP level 10. HP: 90/110 MP: 15/15
  8437 | D:8      | Found a snail-covered altar of Cheibriados.
  8796 | D:8      | Found a sparkling altar of Nemelex Xobeh.
  8796 | D:8      | Noticed Jeremiah
  8819 | D:8      | Killed Jeremiah
  8919 | D:8      | Found a white marble altar of Elyvilon.
  9423 | D:9      | Reached skill level 1 in Armour
  9980 | D:9      | Found a runed translucent door.
  9981 | D:9      | Found a shimmering altar of Xom.
  9981 | D:9      | Noticed sirdedalot's ghost (journeyman CoFi)
  9981 | D:9      | Noticed a +1 mace of chaos
 10057 | D:10     | Entered Level 10 of the Dungeon
 10232 | D:10     | Reached skill level 1 in Evocations
 10237 | D:10     | Reached XP level 11. HP: 62/117 MP: 18/18
 10541 | D:10     | Noticed a two-headed ogre
 10779 | D:10     | Noticed a purple ugly thing
 10791 | D:9      | Killed a purple ugly thing
 10968 | D:10     | Reached **** piety under Lugonu
 11127 | D:10     | Found a shimmering altar of Xom.
 11127 | D:10     | Found an iron altar of Okawaru.
 11132 | D:10     | Found a bloodstained altar of Trog.
 11133 | D:10     | Banished a two-headed ogre
 11136 | D:10     | Found a sacrificial altar of Ru.
 11168 | D:10     | Found a shimmering blue altar of Sif Muna.
 11172 | D:10     | Found a shadowy altar of Dithmenos.
 11189 | D:10     | Reached skill level 10 in Invocations
 11339 | D:10     | Found a staircase to the Lair.
 11694 | D:11     | Noticed a cyclops
 11712 | D:11     | Killed a cyclops
 11781 | D:11     | Noticed a two-headed ogre
 11789 | D:11     | Banished a two-headed ogre
 12461 | D:11     | Noticed a centaur warrior
 12473 | D:11     | Killed a centaur warrior
 12740 | D:11     | Noticed a two-headed ogre
 12763 | D:11     | Killed a two-headed ogre
 12811 | D:11     | Found a staircase to the Orcish Mines.
 12812 | D:11     | Found Cuv Dail's Jewellery Boutique.
 12820 | D:11     | Bought a ring of protection from cold for 300 gold pieces
 12831 | D:11     | Found a runed translucent door.
 13140 | D:11     | Noticed a fire crab
 13260 | Lair:1   | Entered Level 1 of the Lair of Beasts
 13680 | Lair:1   | Reached XP level 12. HP: 120/126 MP: 20/20
 13973 | Lair:1   | Reached skill level 5 in Armour
 16238 | Lair:3   | Reached skill level 5 in Evocations
 16703 | Lair:3   | Reached XP level 13. HP: 133/133 MP: 22/22
 16830 | Lair:3   | Reached ***** piety under Lugonu
 16862 | Lair:3   | Reached skill level 15 in Maces & Flails
 16987 | Lair:3   | Found a staircase to the Shoals.
 17212 | Lair:3   | Found a staircase to the Snake Pit.
 17500 | Lair:3   | Found a runed translucent gate.
 17510 | Lair:3   | Found a runed translucent gate.
 17510 | Lair:3   | Found a runed translucent gate.
 17936 | Lair:3   | Noticed smashvw's ghost (journeyman MiMo)
 17937 | Lair:3   | Noticed grrhawk's ghost (journeyman DjHW)
 17937 | Lair:3   | Noticed Chadd's ghost (journeyman CoBe)
 17941 | Lair:3   | Corrupted Lair:3
 17941 | Lair:3   | Noticed a tentacled starspawn
 17941 | Lair:3   | Noticed a profane servitor
 17941 | Lair:3   | Noticed a starcursed mass
 17941 | Lair:3   | Noticed a deep elf demonologist
 17942 | Lair:3   | Noticed a bone dragon
 17943 | Lair:3   | Noticed a black draconian
 17950 | Lair:3   | Killed Chadd's ghost
 17950 | Lair:3   | Killed grrhawk's ghost
 17951 | Lair:3   | Killed smashvw's ghost
 17952 | Lair:3   | Noticed a balrug
 18211 | Lair:3   | Identified the ring of Greed {Wiz rF++}
 19307 | Lair:4   | Identified the +5 scale mail of Ignis's Scorn {+Blink rElec
                  | Will+}
 19727 | Lair:4   | Identified a scroll of acquirement
 19732 | Lair:4   | Acquired the +1 swamp dragon scales of Heesh {rPois rF+ rC+
                  | rN+}
 19752 | Lair:5   | Entered Level 5 of the Lair of Beasts
 20461 | Lair:5   | Found a staircase to the Slime Pits.
 22070 | Lair:5   | Reached XP level 14. HP: 46/143 MP: 24/24
 22855 | Orc:1    | Entered Level 1 of the Orcish Mines
 22965 | Orc:1    | Noticed Erolcha
 22968 | Orc:1    | Corrupted Orc:1
 22968 | Orc:1    | Noticed a starcursed mass
 22980 | Orc:1    | Killed Erolcha
 23001 | Orc:1    | Noticed a bone dragon
 23399 | Orc:2    | Entered Level 2 of the Orcish Mines
 23399 | Orc:2    | Found a staircase to the Elven Halls.
 23951 | Orc:1    | Found Ycodelill's General Store.
 24355 | Orc:2    | Noticed Sonja
 24359 | Orc:2    | Killed Sonja
 24614 | Orc:2    | Noticed an orc warlord
 24717 | Orc:1    | Banished an orc warlord
 25382 | Orc:2    | Noticed Josephine
 25386 | Orc:2    | Banished Josephine
 25757 | Orc:2    | Paralysed by an orc sorcerer for 4 turns
 25802 | Orc:2    | Found Kydaj's General Store.
 25803 | Orc:2    | Found Omaedie's Book Shop.
 25805 | Orc:2    | Found Xiaz's Antique Armour Shop.
 25805 | Orc:2    | Found Irphifi's Antique Weapon Boutique.
 25820 | Orc:2    | Bought a wand of digging (7) for 352 gold pieces
 25974 | Orc:2    | Noticed Nessos
 25976 | Orc:2    | Nessos changed into Nessos the elephant
 25976 | Orc:2    | Noticed Nessos
 25985 | Orc:2    | Killed Nessos the elephant
 27603 | D:11     | Got the Encyclopedia of Charms
 27605 | D:11     | Identified the +5 dagger "Cebeiv" {pain, Dex+3}
 28205 | D:12     | Reached XP level 15. HP: 111/149 MP: 26/26
 28764 | D:13     | Reached skill level 15 in Invocations
 29117 | D:13     | Noticed Jorgrun
 29542 | D:13     | Banished Jorgrun
 30501 | D:14     | Noticed Azrael
 30783 | D:14     | Banished Azrael
 31078 | D:14     | Reached skill level 10 in Armour
 31362 | D:14     | Found a transporter.
 31790 | D:14     | Noticed Ucadoall's ghost (journeyman BaHu)
 32049 | D:14     | Found a transporter.
 32244 | D:14     | Found a gate to the Vaults.
 32719 | D:15     | Entered Level 15 of the Dungeon
 32786 | D:15     | Noticed Agnes
 33867 | D:14     | Found a transporter.
 33869 | D:14     | Found a transporter.
 34078 | D:14     | Found a gate to the Vaults.
 34334 | D:14     | Banished Agnes
 34555 | D:15     | Reached XP level 16. HP: 105/158 MP: 28/28
 34954 | D:15     | Noticed Roxanne
 35066 | D:15     | Found a staircase to the Depths.
 35447 | D:5      | Bought a scroll of teleportation for 87 gold pieces
 35447 | D:5      | Bought a blackened diamond ring for 145 gold pieces
 35462 | D:5      | Killed pokeman's ghost
 35693 | Snake:1  | Entered Level 1 of the Snake Pit
 37005 | Lair:3   | Found a staircase to the Snake Pit.
 38356 | Snake:1  | Found Cuaweonn's Armour Shop.
 38417 | Snake:1  | Bought a +2 cloak for 264 gold pieces
 38566 | Snake:1  | Noticed Nikola
 38575 | Snake:1  | Killed Nikola
 41323 | Snake:3  | Found Cuteuzist's General Store.
 41332 | Snake:3  | Bought a potion of curing for 42 gold pieces
 41332 | Snake:3  | Bought a scroll of immolation for 56 gold pieces
 41739 | Snake:2  | Reached skill level 11 in Fighting
 41920 | Snake:3  | Identified the serpent talisman of the Six Xalams {Dex+4
                  | Slay+3}
 41920 | Snake:3  | Noticed Aizul
 42034 | Snake:3  | Killed Aizul
 42208 | Snake:3  | Found a bloodstained altar of Trog.
 42591 | Shoals:1 | Entered Level 1 of the Shoals
 42958 | Shoals:1 | Reached XP level 17. HP: 170/170 MP: 29/29
 42968 | Shoals:1 | Noticed a kraken
 43035 | Shoals:1 | Killed a kraken
 43189 | Shoals:1 | Noticed Frances
 43192 | Shoals:1 | Banished Frances
 43706 | Shoals:1 | Noticed a kraken
 43801 | Shoals:1 | Killed a kraken
 43976 | Shoals:1 | Reached skill level 12 in Fighting
 44042 | Shoals:1 | Found Ziobila's Vocational Training.
 44149 | Shoals:2 | Found Amemo's Distillery.
 44866 | Shoals:2 | Bought a potion of magic for 120 gold pieces
 44866 | Shoals:2 | Bought a potion of heal wounds for 75 gold pieces
 44866 | Shoals:2 | Bought a potion of might for 60 gold pieces
 46883 | Shoals:2 | Reached skill level 13 in Fighting
 48445 | Shoals:3 | Reached skill level 14 in Fighting
 48789 | Shoals:4 | Entered Level 4 of the Shoals
 48789 | Shoals:4 | Found Maf Hiqa's General Store.
 49173 | Shoals:4 | Identified the ring "Revveps" {Str+6 Dex+2}
 49183 | Shoals:4 | Noticed Mlioglotl
 49187 | Shoals:4 | Noticed a tentacled starspawn
 49209 | Shoals:4 | Banished Mlioglotl
 49210 | Shoals:4 | Reached XP level 18. HP: 188/189 MP: 21/30
 49704 | Shoals:4 | Bought a scroll of vulnerability for 56 gold pieces
 49973 | Shoals:4 | Reached skill level 15 in Fighting
 50315 | Shoals:4 | Identified the +4 trident of Pestilence {freeze, rC+
                  | Stlth+}
 50392 | Shoals:4 | Got a barnacled rune of Zot
 51663 | Snake:4  | Entered Level 4 of the Snake Pit
 51666 | Snake:4  | Noticed Donald
 51780 | Snake:4  | Killed Donald
 52155 | Snake:4  | Noticed Vashnia
 52220 | Snake:4  | Banished Vashnia
 52221 | Snake:4  | Reached skill level 16 in Fighting
 54887 | Snake:4  | Reached skill level 17 in Fighting
 55916 | Snake:4  | Reached skill level 15 in Armour
 56290 | Snake:4  | Reached XP level 19. HP: 206/209 MP: 31/31
 56383 | Snake:4  | Corrupted Snake:4
 56386 | Snake:4  | Noticed a tentacled monstrosity
 57083 | Snake:4  | Got a serpentine rune of Zot
 57369 | Snake:4  | Identified the +6 falchion of Taq Macluvuff {heavy, Will+
                  | Str+3 Stlth-}
 57449 | Snake:4  | Reached skill level 18 in Fighting
 57743 | Snake:1  | Bought +0 gold dragon scales for 1280 gold pieces
 57927 | Elf:1    | Entered Level 1 of the Elven Halls
 59061 | Elf:1    | Found Oggeomu's Jewellery Shoppe.
 59066 | Elf:1    | Found Kecynox's Book Shop.
 59067 | Elf:1    | Found Otekhlala's Jewellery Shoppe.
 59150 | Abyss:2  | Cast into level 2 of the Abyss (+1 trident of distortion)
 59151 | Elf:1    | Escaped the Abyss
 59843 | Elf:2    | Found Kirag's Distillery.
 60216 | Elf:2    | Found a glacial archway.
 60335 | IceCv    | Entered an ice cave
 60355 | IceCv    | Reached ****** piety under Lugonu
 60428 | IceCv    | Found a transporter.
 60443 | IceCv    | Found a transporter.
 60502 | Elf:2    | Reached skill level 5 in Dodging
 60594 | Elf:2    | Identified the +9 trident "Jellybane" {freeze, rF+ rCorr}
 60610 | Elf:2    | Reached skill level 19 in Fighting
 60773 | Elf:2    | Bought a potion of heal wounds for 85 gold pieces
 60937 | Elf:2    | Found a runed translucent gate.
 60938 | Elf:2    | Found a runed translucent gate.
 60938 | Elf:2    | Found a runed translucent gate.
 61931 | Elf:2    | Found Kirag's Distillery.
 62855 | Elf:3    | Entered Level 3 of the Elven Halls
 62875 | Elf:3    | Reached XP level 20. HP: 224/227 MP: 32/32
 63126 | Elf:3    | Found an ancient bone altar of Kikubaaqudgha.
 63839 | Elf:3    | Reached skill level 20 in Fighting
 64410 | Elf:3    | Identified the +11 whip of a volcano {flame, rElec rPois
                  | Str+2 Stlth+}
 64410 | Elf:3    | Identified the amulet of the Turtle {Acrobat +Inv Regen+}
 64486 | Elf:3    | Identified the +0 quarterstaff of Fragile Peace {speed,
                  | *Noise rElec rCorr Str+3}
 65622 | Elf:3    | Got Xazixt's Writings on Forces
 65871 | Vaults:1 | Entered Level 1 of the Vaults
 67290 | Vaults:2 | Noticed Asterion
 67393 | Vaults:2 | Noticed Norris
 67464 | Vaults:1 | Killed Norris
 67817 | Vaults:2 | Found a crumbling gateway.
 68123 | Vaults:2 | Reached skill level 10 in Dodging
 68153 | Vaults:2 | Reached XP level 21. HP: 202/237 MP: 33/33
 68265 | Vaults:2 | Corrupted Vaults:2
 68265 | Vaults:2 | Noticed a bone dragon
 68269 | Vaults:2 | Killed Asterion
 69242 | Vaults:3 | Found a magical portal.
 69251 | WizLab   | Entered The Roulette of Golubria
 69251 | WizLab   | Found a transporter.
 69254 | WizLab   | Found a corrupted altar of Lugonu.
 69279 | WizLab   | Found a transporter.
 69331 | WizLab   | Found a transporter.
 69353 | WizLab   | Found a transporter.
 69392 | WizLab   | Found a corrupted altar of Lugonu.
 69392 | WizLab   | Found a transporter.
 69488 | WizLab   | Found a transporter.
 69488 | WizLab   | Found a transporter.
 69541 | WizLab   | Found a transporter.
 69588 | WizLab   | Found a corrupted altar of Lugonu.
 69592 | WizLab   | Found a transporter.
 69648 | WizLab   | Found a corrupted altar of Lugonu.
 70159 | Vaults:3 | Found a staircase to the Crypt.
 70252 | Vaults:3 | Identified the orb of Puam Wyu {light, Harm rN+ Dex-4}
 70252 | Vaults:3 | Noticed Frederick
 70263 | Vaults:3 | Killed Frederick
 70505 | Vaults:3 | Corrupted Vaults:3
 72134 | D:15     | Upgraded the game from 0.32-a0-818-gb728d0252e to
                  | 0.32-a0-834-geaf45d8e21
 72135 | Depths:1 | Entered Level 1 of the Depths
 72218 | Depths:1 | Found a hazy altar of Hepliaklqana.
 72268 | Depths:1 | Found a gateway to Hell.
 72497 | Depths:1 | You fall into a shaft and drop 1 floor!
 72795 | Depths:1 | Noticed Zuofef's ghost (veteran GrEE)
 72844 | Depths:1 | Found a runed translucent gate.
 72844 | Depths:1 | Found a runed translucent gate.
 72844 | Depths:1 | Found a runed translucent gate.
 72859 | Depths:1 | Found Bocy's General Store.
 72873 | Depths:1 | Reached XP level 22. HP: 227/247 MP: 34/34
 72874 | Depths:1 | Found Gileal's Distillery.
 72874 | Depths:1 | Found Seadeir's Weapon Emporium.
 72886 | Depths:1 | Found Fisseer's Magic Scroll Emporium.
 72896 | Depths:1 | Bought a potion of heal wounds for 115 gold pieces
 72896 | Depths:1 | Bought a potion of curing for 69 gold pieces
 72896 | Depths:1 | Bought a potion of curing for 69 gold pieces
 72896 | Depths:1 | Bought 2 potions of curing for 138 gold pieces
 72899 | Depths:1 | Bought a scroll of blinking for 135 gold pieces
 72899 | Depths:1 | Bought a scroll of blinking for 135 gold pieces
 72899 | Depths:1 | Bought a scroll of fear for 72 gold pieces
 72899 | Depths:1 | Bought a scroll of vulnerability for 72 gold pieces
 73076 | Depths:1 | Identified the amulet "Emosam" {Harm Will+ RegenMP+}
 73218 | Depths:2 | Found a one-way gate leading to the halls of Pandemonium.
 73393 | Depths:2 | Found a one-way gateway to a ziggurat.
 73406 | Depths:2 | Found a shimmering altar of Xom.
 73407 | Depths:2 | Found a shimmering altar of Xom.
 74229 | Depths:2 | Paralysed by a Zot trap for 2 turns
 74351 | Depths:2 | Identified the ring "Heerric" {rElec rN+ Dex+5}
 74429 | Depths:2 | Acquired 682 gold pieces
 74581 | Depths:3 | Found a one-way gate to the infinite horrors of the Abyss.
 74774 | Depths:3 | Noticed a caustic shrike
 74774 | Depths:3 | Noticed a caustic shrike
 74774 | Depths:3 | Noticed a caustic shrike
 74774 | Depths:3 | Noticed a caustic shrike
 74996 | Depths:3 | Killed a caustic shrike
 75401 | Depths:3 | Banished a caustic shrike
 75457 | Depths:3 | Killed a caustic shrike
 75474 | Depths:3 | Killed a caustic shrike
 75647 | Depths:3 | Identified the amulet of Tush {Acrobat Will+ Dex+3}
 76131 | Depths:4 | Entered Level 4 of the Depths
 76212 | Depths:4 | Reached skill level 21 in Fighting
 76362 | Depths:4 | Noticed Gumuy's ghost (adept MiHu)
 76478 | Depths:4 | Found a runed translucent door.
 76702 | Depths:4 | Reached XP level 23. HP: 223/261 MP: 35/35
 76783 | Depths:4 | Found a gate to the Realm of Zot.
 77555 | Depths:4 | Killed Gumuy's ghost
 78054 | Slime:1  | Entered Level 1 of the Pits of Slime
 78185 | Slime:1  | Corrupted Slime:1
 78354 | Slime:2  | Gained mutation: You are occasionally teleported next to
                  | monsters. [a shining eye]
 78375 | Slime:2  | Lost mutation: You are occasionally teleported next to
                  | monsters. [potion of mutation]
 78375 | Slime:2  | Gained mutation: You have very sharp teeth. [potion of
                  | mutation]
 78375 | Slime:2  | Gained mutation: Your body sometimes deteriorates upon
                  | taking damage. [potion of mutation]
 78375 | Slime:2  | Gained mutation: You are agile. (Dex +4, Str/Int -1)
                  | [potion of mutation]
 78458 | Slime:3  | Gained mutation: You have an increased reservoir of magic.
                  | (+10% MP) [a shining eye]
 78621 | Slime:3  | Reached skill level 22 in Fighting
 79806 | Slime:5  | Entered Level 5 of the Pits of Slime
 79979 | Slime:5  | Paralysed by a formless jellyfish for 1 turns
 80125 | Slime:5  | Noticed the Royal Jelly
 80156 | Slime:5  | Corrupted Slime:5
 80156 | Slime:5  | Noticed a dread lich
 80219 | Slime:5  | Killed the Royal Jelly
 80330 | Slime:5  | Got a slimy rune of Zot
 80368 | Slime:5  | Identified the +3 quarterstaff of the Sage {distort, Dex+4}
 80406 | Slime:5  | Got the Writings on the Sixfirhy and Effluvium
 80420 | Slime:5  | Paralysed by a formless jellyfish for 1 turns
 80459 | Slime:5  | Gained mutation: Your body often deteriorates upon taking
                  | damage. [a shining eye]
 80514 | Slime:5  | Identified the +2 ring mail "Akoum" {Dex+6}
 80605 | Slime:5  | Gained mutation: You have hidden genetic defects. [a
                  | shining eye]
 80607 | Slime:5  | Gained mutation: You are weak. (Str -2) [a shining eye]
 80614 | Slime:5  | Lost mutation: You have very sharp teeth. [potion of
                  | mutation]
 80614 | Slime:5  | Lost mutation: You have hidden genetic defects. [potion of
                  | mutation]
 80614 | Slime:5  | Lost mutation: You are weak. (Str -2) [potion of mutation]
 80614 | Slime:5  | Lost mutation: You are agile. (Dex +4, Str/Int -1) [potion
                  | of mutation]
 80614 | Slime:5  | Gained mutation: You possess an exceptional clarity of
                  | mind. [potion of mutation]
 81790 | Elf:2    | Bought a potion of mutation for 136 gold pieces
 81790 | Elf:2    | Bought a potion of resistance for 170 gold pieces
 81790 | Elf:2    | Bought a potion of mutation for 136 gold pieces
 81790 | Elf:2    | Bought 2 potions of haste for 340 gold pieces
 81790 | Elf:2    | Bought a potion of curing for 51 gold pieces
 81790 | Elf:2    | Bought a potion of curing for 51 gold pieces
 82026 | Depths:1 | Bought a potion of mutation for 184 gold pieces
 82026 | Depths:1 | Bought a potion of resistance for 230 gold pieces
 82310 | Shoals:2 | Bought 3 potions of invisibility for 360 gold pieces
 82310 | Shoals:2 | Bought 2 potions of haste for 300 gold pieces
 82310 | Shoals:2 | Bought 2 potions of resistance for 300 gold pieces
 82310 | Shoals:2 | Bought a potion of berserk rage for 75 gold pieces
 82675 | Zot:1    | Entered Level 1 of the Realm of Zot
 82675 | Zot:1    | Found a runed translucent gate.
 82675 | Zot:1    | Found a runed translucent gate.
 82675 | Zot:1    | Found a runed translucent gate.
 82702 | Zot:1    | Noticed Kinwaexu's ghost (veteran OnBe)
 82841 | Zot:1    | Noticed a golden dragon
 82845 | Zot:1    | Killed a golden dragon
 82846 | Zot:1    | Reached skill level 23 in Fighting
 82971 | Zot:1    | Reached XP level 24. HP: 272/278 MP: 38/38
 84214 | Zot:1    | Corrupted Zot:1
 84261 | Zot:1    | Killed Kinwaexu's ghost
 84298 | Zot:1    | Identified the +5 giant club of Meubi {holy, rF+ Will+
                  | Stlth+}
 84305 | Zot:1    | Got the Anthology of Anthracomancy and Excavation
 84309 | Zot:1    | Identified the ring of Befur {Fire rPois Int+5}
 84647 | Zot:2    | Reached skill level 24 in Fighting
 84745 | Zot:2    | Noticed a dread lich
 84749 | Zot:2    | Reached skill level 15 in Dodging
 84754 | Zot:2    | Killed a dread lich
 86432 | Zot:3    | Reached XP level 25. HP: 283/292 MP: 38/38
 87576 | Zot:4    | Reached skill level 25 in Fighting
 88022 | Zot:5    | Entered Level 5 of the Realm of Zot
 88173 | Zot:5    | Found a bloodstained altar of Trog.
 88174 | Zot:5    | Identified the +0 cloak of a sewer {Str+4}
 88174 | Zot:5    | Noticed Pessaschasee's ghost (legendary HOFi)
 88174 | Zot:5    | Identified the +2 cloak of Going Fast {Str+2 Dex+4}
 88175 | Zot:5    | Found the +4 skin of Zhor {*Englaciate rC+++ SInv}
 88180 | Zot:5    | Found a transporter.
 88195 | Zot:5    | Found a transporter.
 88512 | Zot:5    | Found a bloodstained altar of Trog.
 88519 | Zot:5    | Found a transporter.
 88536 | Zot:5    | Found a transporter.
 89272 | Zot:5    | Noticed an orb of fire
 89298 | Zot:5    | Gained mutation: You are robust. (+10% HP) [an orb of fire]
 89303 | Zot:5    | Killed an orb of fire
 89311 | Zot:5    | Noticed an orb of fire
 89314 | Zot:5    | Killed an orb of fire
 89320 | Zot:5    | Noticed an orb of fire
 89326 | Zot:5    | Gained mutation: You are clumsy. (Dex -2) [an orb of fire]
 89327 | Zot:5    | Killed an orb of fire
 89338 | Zot:5    | Noticed a Killer Klown
 89354 | Zot:5    | Killed a Killer Klown
 89365 | Zot:5    | Reached skill level 26 in Fighting
 89374 | Zot:5    | Noticed an orb of fire
 89374 | Zot:5    | Noticed a dread lich
 89374 | Zot:5    | Noticed a Killer Klown
 89392 | Zot:5    | Killed an orb of fire
 89397 | Zot:5    | Killed a dread lich
 89404 | Zot:5    | Killed a Killer Klown
 89434 | Zot:5    | Noticed a Killer Klown
 89441 | Zot:5    | Killed a Killer Klown
 89579 | Zot:5    | Found a bloodstained altar of Trog.
 89586 | Zot:5    | Found a transporter.
 89603 | Zot:5    | Found a transporter.
 89956 | Zot:5    | Noticed an ancient lich
 89978 | Zot:5    | Killed an ancient lich
 89979 | Zot:5    | Reached XP level 26. HP: 198/341 MP: 38/38
 90078 | Zot:5    | Noticed a dread lich
 90083 | Zot:5    | Noticed a dread lich
 90088 | Zot:5    | Killed a dread lich
 90105 | Zot:5    | Killed a dread lich
 90675 | Zot:5    | Noticed a Killer Klown
 91024 | Zot:5    | Killed a Killer Klown
 91128 | Zot:5    | Lost mutation: You are robust. (+10% HP) [potion of
                  | mutation]
 91128 | Zot:5    | Lost mutation: You possess an exceptional clarity of mind.
                  | [potion of mutation]
 91128 | Zot:5    | Gained mutation: You have supernaturally acute eyesight.
                  | (SInv) [potion of mutation]
 91128 | Zot:5    | Gained mutation: You occasionally lose the ability to read
                  | scrolls when taking damage. [potion of mutation]
 91128 | Zot:5    | Gained mutation: Your movements are slightly less
                  | encumbered by armour. (ER -2) [potion of mutation]
 91128 | Zot:5    | Gained mutation: You are partially covered in iridescent
                  | scales. (AC +2) [potion of mutation]
 91129 | Zot:5    | Lost mutation: Your body often deteriorates upon taking
                  | damage. [potion of mutation]
 91129 | Zot:5    | Lost mutation: You have supernaturally acute eyesight.
                  | (SInv) [potion of mutation]
 91129 | Zot:5    | Lost mutation: You are clumsy. (Dex -2) [potion of
                  | mutation]
 91129 | Zot:5    | Gained mutation: You have a pair of horns on your head.
                  | [potion of mutation]
 91130 | Zot:5    | Lost mutation: Your body sometimes deteriorates upon taking
                  | damage. [potion of mutation]
 91130 | Zot:5    | Lost mutation: You occasionally lose the ability to read
                  | scrolls when taking damage. [potion of mutation]
 91130 | Zot:5    | Gained mutation: You are robust. (+10% HP) [potion of
                  | mutation]
 91130 | Zot:5    | Gained mutation: You are mostly covered in iridescent
                  | scales. (AC +4) [potion of mutation]
 91130 | Zot:5    | Gained mutation: You have sharp fingernails. [potion of
                  | mutation]
 91150 | Zot:5    | Got the Orb of Zot
 91833 | D:$      | Escaped with the Orb!

Illustrated notes

Levels and vault maps discovered:
D:1:      roadster_arrival_rocket_small, layout_loops_ring,
          serial_bayou_crossing
D:2:      layout_basic, serial_shops, nicolae_shop_industrial_runoff,
          basic_ecumenical_altar, uniq_crazy_yiuf_cottage
D:3:      layout_loops_corners
D:4:      layout_basic, minmay_misc_feat_columns, minivault_14, sigmund_army,
          uniq_menkaure
D:5:      gammafunk_steamed_eel, layout_loops_ring,
          grunt_temple_overflow_order_and_chaos_2, kennysheep_mini_moat,
          minmay_temple_entry_stoned_glass, serial_shops,
          nicolae_shop_advertising_works [nicolae_subvault_shop_adworks],
          ebering_ghost_disaster_area, serial_park_tiny_1,
          nicolae_elevator_lobby_asterisk, uniq_eustachio, uniq_edmund
D:6:      layout_loops_cross
D:7:      layout_rooms, minivault_1
D:8:      layout_loops_ring, grunt_temple_overflow_forces_of_nature,
          cheibriados_altar_1, mainiacjoe_overflow_swirl, uniq_jeremiah
D:9:      layout_irregular_city, ebering_ghost_xom, minmay_misc_feat_iff
D:10:     layout_basic, nicolae_overflow_hallway_of_the_gods, lair_entry_dummy
D:11:     gammafunk_mikee_crab_dinner, layout_irregular_city, orc_0_dummy,
          serial_shops, shop, kb_rosetta
D:12:     layout_loops_ring
D:13:     layout_long_grid, uniq_jorgrun
D:14:     layout_cave_pods, erik_vaults_2, nzn_ghost_randoct, uniq_azrael
D:15:     grunt_enter_depths_magical_seal, layout_long_grid, serial_rivers,
          chequers_serial_rivers_micro_d, chequers_serial_rivers_large_a,
          chequers_serial_rivers_small_a, chequers_serial_rivers_micro_a,
          kennysheep_doodads, uniq_roxanne, uniq_agnes
Lair:1:   layout_loops_ring, grunt_forest_large_clearings, grunt_megastairs_5
Lair:2:   layout_roguey, serial_bayou_shore_b
Lair:3:   layout_regular_city, nicolae_shoals_entry_roost,
          minmay_snake_entry_guardpost_medium, gammafunk_ghost_cemetery,
          infiniplex_staircase_pool
Lair:4:   layout_cave_pods, minmay_stone_trees_small
Lair:5:   evilmike_catoblepas_cave, layout_gridlike,
          minmay_slime_entry_jelly_boxes
Shoals:1: layout_shoals, nicolae_shop_vocational, uniq_frances
Shoals:2: layout_shoals, serial_shops, shop
Shoals:3: layout_shoals
Shoals:4: shoals_end_grunt_ice, layout_shoals, serial_shops,
          nicolae_shop_hallway_plus, uniq_mlioglotl
Snake:1:  nicolae_snake_crotalidae_crossing, layout_onion_interference,
          serial_shops, nicolae_shop_tiny_statue_garden, uniq_nikola
Snake:2:  layout_misc_corridors, grunt_ministairs_2
Snake:3:  layout_misc_corridors, basic_altar, nicolae_stop_n_shop_2, uniq_aizul
Snake:4:  grunt_snake_rune_spirals, layout_onion_interference, uniq_donald,
          uniq_vashnia
Slime:1:  layout_caves
Slime:2:  layout_caves
Slime:3:  layout_caves
Slime:4:  layout_caves, special_room [special_room_jelly]
Slime:5:  slime_pit_nicolae_block_by_block
Orc:1:    layout_caves, serial_shops, nicolae_shop_behind_doors, uniq_erolcha
Orc:2:    st_orc_congregation, layout_caves, uniq_josephine, uniq_sonja,
          uniq_nessos
Elf:1:    minmay_elf_arrival_summoners, layout_loops_corners, evilmike_minifort,
          minmay_shop_grove
Elf:2:    nicolae_elf_blades_crystal_corner, layout_rooms,
          portal_ice_cave_entry_ice_simulacra, serial_shops,
          nicolae_diamond_shop, nicolae_twisty_statue_hallways
Elf:3:    elf_hall, layout_gridlike, basic_altar, drop_trap
Vaults:1: hangedman_vaults_cutoff, ontoclasm_vaults_bender, v_misc_19,
          v_rooms_1, hangedman_vaults_corner_blocks,
          nicolae_vaults_doubleplus_tesselated, nicolae_vaults_border_crossing,
          nicolae_vaults_three_branches, nicolae_vaults_sealed_display,
          vaults_room_pool, layout_vaults_big_room
Vaults:2: portal_desolation_entry_ruin, vaults_standard_mumra_enter_the_diamond,
          v_misc_2, grunt_vaults_funnel, nicolae_vaults_tetromino_T_2,
          nicolae_vaults_storage_closets_2, nicolae_vaults_loss_of_containment,
          nicolae_vaults_network_star, v_misc_9, nicolae_vaults_prndl,
          layout_vaults_omnibox, uniq_asterion, uniq_norris
Vaults:3: mu_enter_wizlab_6, nicolae_vaults_circle_grid_b,
          ontoclasm_vaults_pinch, nicolae_vaults_sightless_eye, v_misc_12,
          blue_anna_dwarven_crypt, nicolae_vaults_octothorpe, v_misc_16,
          nicolae_vaults_house_1, v_pattern_2, vaults_room_corners,
          layout_vaults_quadrants, uniq_frederick
Vaults:4: nicolae_vaults_closet_pinwheel_4, nicolae_vaults_little_squares_2,
          nicolae_vaults_trapezoid_3, nicolae_vaults_offset_grid_hallway_4,
          hangedman_vaults_slither, ontoclasm_vaults_ring_square, v_misc_26,
          nicolae_vaults_shrinking_rooms_2, nicolae_vaults_know_your_exits,
          nicolae_vaults_more_shelving_1, nicolae_vaults_little_squares_1,
          nicolae_vaults_frosty_reception, nicolae_vaults_storage_room_statues,
          nicolae_vaults_theta, nicolae_vaults_tetromino_Z_2,
          nicolae_vaults_double_plus_1, nicolae_vaults_trapezoid_1,
          vaults_room_door_ring, nicolae_vaults_double_plus_1,
          layout_vaults_maze
Depths:1: layout_basic, nrook_uturn, hell_entry, gammafunk_ghost_icy,
          dreamdust_wishing_well, nicolae_hepliaklqana_monster_ancestors,
          minmay_shoptagon
Depths:2: minmay_split_circle, layout_small_grid, enter_ziggurat_a,
          grunt_pan_entry_in_and_out, xom_redecorated, hell_entry
Depths:3: tekkud_shrikecote, layout_cave_pools,
          regret_index_abyss_entry_already_here, grunt_hell_entry_dis_grunt
Depths:4: grunt_zot_entry_alcove, layout_gridlike, abyss_entry_crystal,
          grunt_mini_vestibule, serial_bayou, serial_bayou_pond_e,
          serial_bayou_pond_a, serial_bayou_shore_b, serial_bayou_pond_e,
          hellmonk_ghost_happy_afterlife
Zot:1:    layout_gridlike, gammafunk_ghost_necromancy, grunt_ministairs_2,
          st_stairs_11
Zot:2:    hangedman_snap_crack_crunch, layout_concentric_octagons, st_stairs_1,
          grunt_ministairs_14
Zot:3:    layout_gridlike, hangedman_zot_decor_slant
Zot:4:    layout_basic, grunt_ministairs_15
Zot:5:    layout_misc_corridors, gammafunk_ghost_wrathful_warriors

Skill      XL: |  1  2  3  4  5  6  7  8  9 10 11 12 13 14 15 16 17 18 19 20 21 22 23 24 25 |
---------------+----------------------------------------------------------------------------+-----
Fighting       | 5 6 7 8 9 10 11 14 17 19 20 21 23 24 26 | 26.9
Invocations    | 1 2 3 5 7 9 10 12 13 14 16 | 16.0
Maces & Flails | 4 5 6 7 10 12 13 14 16 17 19 21 22 | 22.0
Stealth        | 1 2 |  2.0
Armour         | 2 4 6 7 9 10 11 13 15 16 17 20 21 22 23 24 | 24.4
Evocations     | 1 3 5 6 |  6.0
Dodging        | 6 10 11 12 14 15 17 | 17.6

Action                     |  1- 3 |  4- 6 |  7- 9 | 10-12 | 13-15 | 16-18 | 19-21 | 22-24 | 25-27 || total
---------------------------+-------+-------+-------+-------+-------+-------+-------+-------+-------++-------
  Melee: Mace              |    85 |    87 |     8 |       |       |       |       |       |       ||   180
         Headbutt          |    17 |    18 |    43 |   151 |   427 |   273 |   295 |   482 |   179 ||  1885
         Flail             |       |       |   171 |   553 |  1183 |       |       |       |       ||  1907
         Giant spiked club |       |       |       |       |   102 |  1107 |  1292 |  1565 |   610 ||  4676
         Bite              |       |       |       |       |       |       |       |    52 |       ||    52
  Throw: Dart              |       |       |       |       |     3 |    14 |       |       |       ||    17
 Invoke: Banish            |       |     2 |     2 |     5 |    15 |    12 |       |     1 |       ||    37
         Corrupt           |       |       |       |       |     2 |       |     3 |     3 |       ||     8
         Depart the Abyss  |       |       |       |       |       |       |     1 |       |       ||     1
  Evoke: Wand              |       |     1 |     5 |     2 |    22 |    25 |    11 |     7 |     8 ||    81
         Lightning rod     |       |       |       |       |       |       |     9 |    13 |       ||    22
    Use: Scroll            |     2 |     4 |     5 |     5 |    21 |     8 |    17 |     7 |     4 ||    73
         Potion            |     1 |     2 |       |     4 |     3 |    13 |    11 |     6 |     9 ||    49
   Stab: Distracted        |       |       |       |       |       |       |     2 |       |       ||     2
 Armour: Robe              |    40 |    64 |   110 |    43 |       |       |       |       |       ||   257
         Acid dragon scale |       |       |       |   302 |    60 |       |       |       |       ||   362
         Swamp dragon scal |       |       |       |       |   703 |  1048 |    39 |       |       ||  1790
         Gold dragon scale |       |       |       |       |       |       |  1018 |  1848 |   539 ||  3405
  Dodge: Dodged            |    33 |    48 |    86 |   210 |   623 |   579 |   584 |  1021 |   308 ||  3492
  Block: Other             |       |       |       |       |    21 |   222 |    64 |       |       ||   307
         Reflection        |       |       |       |       |       |    28 |    10 |       |       ||    38

Table legend: (Time is in decaauts)
 A = Elapsed time spent in this place.
 B = Non-inter-level travel time spent in this place.
 C = Inter-level travel time spent in this place.
 D = Time resting spent in this place.
 E = Time spent auto-exploring this place.
 F = Levels seen in this place.
 G = Mean time per level.
                   A        B        C        D        E       F      G
               +--------+--------+--------+--------+--------+-----+--------+
         Total |  90192 |  83215 |   6977 |  15441 |  47723 |  54 | 1670.2 |
       Dungeon |  23999 |  21623 |   2376 |   2815 |  14745 |  15 | 1599.9 |
          Lair |  11412 |  10451 |    961 |   2452 |   5913 |   5 | 2282.4 |
        Shoals |   8926 |   8240 |    686 |   1779 |   4080 |   4 | 2231.5 |
     Snake Pit |  11362 |  10617 |    745 |   2624 |   5471 |   4 | 2840.5 |
    Slime Pits |   3309 |   3107 |    202 |    605 |   1450 |   5 |  661.8 |
  Orcish Mines |   3040 |   2937 |    103 |    477 |   1563 |   2 | 1520.0 |
   Elven Halls |   7728 |   7291 |    437 |   2542 |   3201 |   3 | 2576.0 |
        Vaults |   5602 |   5104 |    498 |    259 |   3380 |   4 | 1400.5 |
        Depths |   6095 |   5282 |    813 |    559 |   3221 |   4 | 1523.8 |
           Zot |   8180 |   8026 |    154 |   1284 |   4355 |   5 | 1636.0 |
         Abyss |      0 |      0 |      0 |      0 |      0 |   1 |    0.0 |
      Ice Cave |    117 |    117 |      0 |     42 |      0 |   1 |  117.0 |
        Wizlab |    417 |    417 |      0 |      0 |    344 |   1 |  417.0 |
               +--------+--------+--------+--------+--------+-----+--------+

Top non-repeatable levels by time:
 Snake:4: 5110 daAuts
  Lair:3: 3953 daAuts
    D:11: 3459 daAuts
    D:14: 3060 daAuts
   Elf:2: 2928 daAuts
   Zot:5: 2846 daAuts
  Lair:5: 2678 daAuts
Shoals:2: 2571 daAuts
   Elf:3: 2517 daAuts
Shoals:1: 2509 daAuts
 Snake:1: 2444 daAuts
   Elf:1: 2282 daAuts
Shoals:4: 2032 daAuts
Depths:2: 2015 daAuts
 Snake:2: 1962 daAuts
